 Dungeon Crawl Stone Soup version 0.23-a0-677-g07611c5 (webtiles) character file.

21 Amnesiac the Ruffian (level 2, 0/23 HPs)
             Began as a Draconian Transmuter on Jan 10, 2019.
             Slain by a jackal (2 damage)
             ... on level 3 of the Dungeon.
             The game lasted 00:01:05 (442 turns).

Amnesiac the Ruffian (Draconian Transmuter)          Turns: 442, Time: 00:01:05

Health: 0/23       AC:  4    Str: 12    XL:     2   Next: 62%
Magic:  5/5        EV: 12    Int: 13    God:
Gold:   46         SH:  0    Dex: 11    Spells: 2/5 levels left

rFire    . . .     SeeInvis .     - Unarmed
rCold    . . .     Gourm    .   (no shield)
rNeg     . . .     Faith    .   (armour unavailable)
rPois    .         Spirit   .   (helmet restricted)
rElec    .         Reflect  .   (no cloak)
rCorr    .         Harm     .   (no gloves)
MR       .....                  (no boots)
Stlth    +.........             (no amulet)
HPRegen  0.07/turn              (no ring)
MPRegen  0.09/turn              (no ring)

@: no status effects
A: unfitting armour, cold-blooded, AC +4
a: no special abilities


You were on level 3 of the Dungeon.
You were not hungry.

You visited 1 branch of the dungeon, and saw 3 of its levels.

You collected 46 gold pieces.

Inventory:

Missiles
 a - 11 arrows
Scrolls
 d - 2 scrolls of remove curse {!r, unknown}
 g - a scroll of teleportation {!r, unknown}
 h - a scroll of enchant weapon {!r, unknown}
 i - a scroll of blinking {!r, unknown}
Potions
 e - a potion of haste {!q, unknown}
 f - a potion of curing {!q, unknown}
Comestibles
 b - 12 chunks of flesh
 c - 3 rations


   Skills:
 - Level 1.1 Fighting
 - Level 1.7 Dodging
 * Level 3.7 Unarmed Combat
 - Level 2.0 Spellcasting
 + Level 2.4 Transmutations


You had 2 spell levels left.
You knew the following spells:

 Your Spells              Type           Power        Failure   Level  Hunger
a - Beastly Appendage     Tmut           #.....       10%         1    ##.....
b - Sticks to Snakes      Tmut           #.......     14%         2    ###....

Your spell library contained the following spells:

 Spells                   Type           Power        Failure   Level  Hunger
 Spider Form              Tmut/Pois      #.........   43%         3    ####...
 Ice Form                 Ice/Tmut       #.......     83%         4    #####..
 Blade Hands              Tmut           #.........   95%         5    ######.


Dungeon Overview and Level Annotations

Branches:
Dungeon (3/15)

Altars:
Cheibriados


Innate Abilities, Weirdness & Mutations

Your plain brown scales are hard. (AC +4)
You cannot fit into any form of body armour.
You are cold-blooded and may be slowed by cold attacks.


Message History

Casting: Sticks to Snakes (safe; 14% risk of failure)
Confirm with . or Enter, or press ? or * to list all spells.
Your feet morph into talons.
A jackal and an orc come into view.
A jackal comes into view.
The jackal barks!
The hobgoblin closely misses you.
You hit the hobgoblin but do no damage.
A jackal comes into view.
An orc priest comes into view. It is wielding a +0 hand axe.
You completely miss the hobgoblin.
The jackal barks!
You claw the hobgoblin.
You kill the hobgoblin!
You hear a shout!
A jackal comes into view.
An orc comes into view.
A bat comes into view.
Your transformation is almost over.
The orc shouts!
You hear a bark!
A jackal comes into view.
The jackal bites you.
An adder comes into view.
You barely miss the jackal.
The jackal barks!
The adder hisses angrily.
You claw the jackal.
The jackal is severely wounded.
The jackal bites you but does no damage.
The jackal bites you.
The orc priest looks braver for a moment.
You closely miss the jackal.
The jackal is severely wounded.
An orc comes into view. It is wielding a +0 mace.
The bat hits you but does no damage.
You barely miss the jackal. The bat hits you but does no damage. x2
A frilled lizard comes into view.
The jackal bites you but does no damage.
You barely miss the jackal. The bat barely misses you. The jackal misses you.
The jackal barely misses you.
The frilled lizard hisses angrily.
You hit the jackal.
You kill the jackal!
The frilled lizard hisses.
The jackal bites you but does no damage.
The jackal closely misses you. x2
You closely miss the orc priest. The jackal bites you.
The jackal barely misses you. The jackal bites you.
The orc priest casts a cantrip, but nothing happens.
The jackal barely misses you. The jackal closely misses you.
You hit the orc priest but do no damage.
The jackal bites you.
The orc priest hits you with a +0 hand axe.
The jackal bites you. The jackal barely misses you.
You hit the orc priest but do no damage.
Your talons disappear.
The jackal bites you but does no damage.
The jackal bites you. The jackal barely misses you.
The orc priest invokes the aid of Beogh against you.
Beogh smites you!
* * * LOW HITPOINT WARNING * * *
The jackal barely misses you.
You are too injured to fight recklessly!
You are too injured to fight recklessly!
You are too injured to fight recklessly!
The jackal bites you.
You die...

#.# #.####......... #.#
#....#......... #.#
#..#.#.#########
#.#####..#.#..........
.........#.#.#.###### #
.#######.#.#..>.....###.#
.#.......#.#......#.....
.#.#######.#...#.##..##.#.
.#.####....#....@..)......
.#......##.#....h.##.#..#.
.#......####.###ohhb.....
.#........... .hooS#.....
_......#####...l.o.. .....
.#.....# ......##... ....
.....(.# ...... .... ...
.#.....# ...... #...# .
.#.....# ...... ...#


You could see an orc priest, an adder, 3 orcs, 4 jackals, a bat and a frilled
lizard.

Vanquished Creatures
  A dart slug (D:1)
  A leopard gecko (D:2)
  A goblin (D:1)
  2 hobgoblins
  A jackal (D:3)
  A ball python (D:2)
  4 bats
  2 frilled lizards (D:1)
  A kobold (D:1)
  3 rats
17 creatures vanquished.

Vanquished Creatures (collateral kills)
  An orc (D:3)
  A goblin (D:3)
  A rat (D:3)
3 creatures vanquished.

Grand Total: 20 creatures vanquished

Notes
Turn   | Place    | Note
-------+----------+-------------------------------------------
     0 | D:1      | Amnesiac the Draconian Transmuter began the quest for the
                  | Orb.
     0 | D:1      | Reached XP level 1. HP: 16/16 MP: 3/3
   156 | D:1      | Reached XP level 2. HP: 14/23 MP: 5/5
   167 | D:1      | Learned a level 2 spell: Sticks to Snakes
   322 | D:3      | Found a snail-covered altar of Cheibriados.
   442 | D:3      | Slain by a jackal

Vault maps used:
D:1:      sevenhm_arrival_forest_fort_large_3, chequers_serial_rivers_micro_d,
          st_stairs_1, minmay_ruptured
D:2:      lemuel_upstairs_altar, lemuel_doored_altar, serial_forest,
          infiniplex_forest_straight_3, infiniplex_forest_lined_2,
          infiniplex_forest_clump_medium, infiniplex_forest_zigzag_1,
          infiniplex_forest_clump_curved, infiniplex_forest_straight_1,
          infiniplex_forest_clump_small
D:3:      lemuel_crystal_altar, chequers_arboretum, uniq_natasha

Action                   || total
-------------------------++-------
Melee: Unarmed           ||    55
       Tailslap          ||     1
       Kick              ||     2
 Cast: Sticks to Snakes  ||     1
       Beastly Appendage ||     1
 Stab: Sleeping          ||     1
Armor: Skin              ||    15
Dodge: Dodged            ||    36

Table legend:
 A = Non-vault XP
 B = Vault XP
 C = Vault XP percentage of total XP
 D = Non-vault monster count
 E = Vault monster count
 F = Vault count percentage of total count
                 A         B        C        D         E       F
            +---------+---------+-------+---------+---------+-------
      Total |      25 |       5 |  16.7 |      17 |       3 |  15.0
            +---------+---------+-------+---------+---------+-------
        D:1 |      13 |       2 |  13.3 |       8 |       2 |  20.0
        D:2 |       3 |       3 |  50.0 |       3 |       1 |  25.0
        D:3 |       9 |       0 |   0.0 |       6 |       0 |   0.0
            +---------+---------+-------+---------+---------+-------
